AoeStats
← popibo

Black Forest

511003468Analyzed
4v4 RM · 13h ago on Oct 3, 2026· 41m 33s· 8 players
Game mode
Random Map
Map size
Large (8 player)
Population
200
Speed
Normal
Resources
Standard
Victory
Conquest
Starting age
Dark Age
Ending age
Imperial Age
RankedLock teamsTeams togetherTeam positionsShared explorationLock speedFull tech treeHidden civsTurbo modeCheats
Victory
Defeat
🇹🇼 Turks · Taiwan
1247
+13
🇨🇳 Bohemians · China
1181
+15
🇨🇳 Lithuanians · China
1179
+15
1167
+16
🇹🇼 Bohemians · Taiwan
1175
-15
🇧🇪 Varangians · Belgium
1170
-15
🇦🇷 Khmer · Argentina
1162
-15
🇨🇳 Hindustanis · China
1159
-14
YOU B4STARD!
0:38 Loom
12:39 Feudal Age
14:18 Double-Bit Axe
16:50 Castle Age
17:52 Horse Collar
18:20 Town Watch
19:43 Wheelbarrow
20:58 Heavy Plow
21:44 Bow Saw
27:51 Husbandry
32:20 Gold Mining
DeLirium
6:01 Loom
9:54 Feudal Age
9:57 Man-at-Arms
11:30 Wheelbarrow
10:47 Arson
12:13 Double-Bit Axe
21:47 Castle Age
21:51 Forging
21:41 Scale Mail Armor
23:31 Bow Saw
23:50 Gambesons
29:07 Horse Collar
36:56 Chain Mail Armor
IGBBMN
2:10 Loom
12:51 Feudal Age
13:14 Horse Collar
15:26 Wheelbarrow
15:19 Double-Bit Axe
18:03 Castle Age
19:36 Town Watch
26:29 Imperial Age
27:03 Scale Barding Armor
27:34 Cavalier
28:40 Forging
30:04 Conscription
31:03 Chain Barding Armor
31:54 Bloodlines
33:33 Plate Barding Armor
popibo
11:04 Feudal Age
9:20 Loom
16:29 Castle Age
14:45 Double-Bit Axe
15:25 Horse Collar
18:47 Wheelbarrow
18:57 Bow Saw
22:44 Heavy Plow
30:25 Imperial Age
28:13 Hand Cart
27:53 Town Watch
28:12 Padded Archer Armor
29:24 Fletching
29:49 Leather Archer Armor
30:15 Wagenburg Tactics
31:40 Chemistry
30:45 Bodkin Arrow
31:17 Siege Engineers
31:49 Conscription
31:37 Bracer
32:51 Ring Archer Armor
32:44 Ballistics
32:36 Masonry
32:59 Murder Holes
33:25 Scale Mail Armor
33:38 Forging
34:24 Town Patrol
34:22 Houfnice
34:48 Pikeman
涛哥
0:28 Loom
12:33 Feudal Age
20:12 Castle Age
18:41 Double-Bit Axe
33:19 Horse Collar
40:00 Imperial Age
37:51 Scale Barding Armor
37:47 Scale Mail Armor
37:57 Forging
38:17 Husbandry
38:30 Bloodlines
40:54 Iron Casting
40:35 Chain Mail Armor
40:40 Chain Barding Armor
41:46 Conscription
40:47 Elite Leitis
转世
5:08 Loom
11:54 Feudal Age
16:29 Castle Age
14:18 Double-Bit Axe
14:15 Horse Collar
18:01 Bow Saw
18:01 Heavy Plow
27:28 Fervor
31:12 Imperial Age
31:03 Chemistry
30:23 Ballistics
30:26 Scale Mail Armor
30:36 Forging
31:15 Wheelbarrow
31:24 Coinage
30:54 Caravan
30:43 Pikeman
31:24 Squires
31:09 Arson
31:45 Wagenburg Tactics
31:46 Padded Archer Armor
31:37 Fletching
31:17 Houfnice
32:49 Banking
32:59 Conscription
33:01 Siege Engineers
35:32 Two-Man Saw
40:22 Bodkin Arrow
40:43 Leather Archer Armor
Hizuki
7:09 Loom
12:38 Feudal Age
16:17 Castle Age
14:36 Double-Bit Axe
20:23 Imperial Age
18:53 Padded Archer Armor
20:40 Bow Saw
20:46 Bow Saw
27:54 Leather Archer Armor
29:41 Wheelbarrow
30:55 Town Watch
33:04 Ring Archer Armor
34:00 Fletching
34:28 Hand Cart
38:52 Bodkin Arrow
40:11 Bracer
你媽叫你去吃飯
0:33 Loom
12:04 Feudal Age
14:56 Double-Bit Axe
15:53 Wheelbarrow
17:48 Castle Age
16:09 Horse Collar
19:04 Hand Cart
19:31 Bow Saw
19:30 Heavy Plow
24:01 Scale Mail Armor
25:58 Chain Mail Armor
26:10 Squires
26:31 Forging
30:28 Pikeman
35:25 Imperial Age
33:44 Iron Casting
34:36 Fletching
34:35 Arson
35:53 Town Watch
35:31 Elite Fire Lancer
36:45 Plate Mail Armor
37:29 Town Patrol
38:35 Two-Man Saw
38:08 Crop Rotation
37:44 Caravan
39:14 Halberdier
41:09 Paper Money
Connection lost

Rejoining the realm…

Still unreachable

The connection could not be restored.

Session expired

The server has moved on; the page needs a fresh start.